 Dungeon Crawl Stone Soup version 0.26-a0-712-ga5a9c9c9d0 (webtiles) character file.

Game seed: 10846315653956510539

10444 Lanoc the Basher (level 11, -1/103 HPs)
             Began as a Deep Dwarf Chaos Knight on Nov 8, 2020.
             Was a Plaything of Xom.
             Killed from afar by a wretched star (28 damage)
             ... with a lance of force
             ... on level 2 of the Abyss.
             The game lasted 00:26:14 (8538 turns).

Lanoc the Basher (Deep Dwarf Chaos Knight)          Turns: 8538, Time: 00:26:15

Health: -1/103     AC: 32    Str: 14    XL:     11   Next: 36%
Magic:  0/0        EV:  3    Int: 14    God:    Xom [*.....]
Gold:   975        SH:  5    Dex: 16    Spells: 10/10 levels left

rFire    + . .     SeeInvis +   a - +0 mace (chaos)
rCold    + . .     Faith    .   y - +0 buckler
rNeg     . . .     Spirit   .   o - +9 scales of the Dragon King {rPois rF+ rC+ MR+}
rPois    +         Reflect  .   s - +1 helmet
rElec    .         Harm     .   C - +0 cloak
rCorr    .         Rampage  .   g - +0 pair of gloves
MR       ++...                  (no boots)
Stlth    ..........             (no amulet)
HPRegen  0.00/turn              h - ring of see invisible
MPRegen  0.07/turn              D - ring of Shadows {Umbra +Inv Stlth+}

@: non-regenerating, wreathed by umbra
A: damage resistance, heal wounds, talons 1, agile 1, clever 1, [low mp 2],
sense surroundings 2, shaggy fur 1, [weak 2], wild magic 1, evolution 1, no
regeneration
a: Heal Wounds, Renounce Religion, Evoke Invisibility


You were on level 2 of the Abyss.
You worshipped Xom.
You were a special plaything of Xom.
You visited 2 branches of the dungeon, and saw 11 of its levels.
You visited the Abyss 1 time.

You collected 975 gold pieces.

Inventory:

Hand Weapons
 a - a +0 mace of chaos (weapon)
 b - a +3 morningstar of freezing
 q - a +0 longbow of chaos
Missiles
 t - 4 datura-tipped darts (quivered)
 B - 40 arrows
Armour
 g - a +0 pair of gloves (worn)
 o - the +9 scales of the Dragon King (worn) {rPois rF+ rC+ MR+}
   (You found it on level 5 of the Dungeon)

   It protects you from fire.
   It protects you from cold.
   It protects you from poison.
   It affects your resistance to hostile enchantments.
 s - a +1 helmet (worn)
 y - a +0 buckler (worn)
 C - a +0 cloak (worn)
Jewellery
 h - a ring of see invisible (left hand)
 i - an uncursed ring of flight
 r - an uncursed ring of positive energy
 D - the ring of Shadows (right hand) {Umbra +Inv Stlth+}
   (You acquired it on level 8 of the Dungeon)

   [ring of stealth]

   It lets you turn invisible.
   It makes you more stealthy.
Wands
 d - a wand of disintegration (17)
 v - a wand of paralysis (2)
 F - a wand of enslavement (11)
Scrolls
 c - 4 scrolls of amnesia
 e - 6 scrolls of identify
 f - 3 scrolls of remove curse
 j - 3 scrolls of enchant armour
 l - 5 scrolls of enchant weapon
 n - 2 scrolls of fog
 u - 3 scrolls of immolation
 G - a scroll of magic mapping
Potions
 m - a potion of might
 p - a potion of resistance
 w - 3 potions of flight
 x - a potion of stabbing
 A - a potion of mutation
 E - a potion of brilliance


   Skills:
 + Level 7.8 Fighting
 - Level 11.3 Maces & Flails
 + Level 9.1 Armour
 + Level 8.7 Dodging
 - Level 4.0 Shields


You had 10 spell levels left.
You didn't know any spells.
Your spell library contained the following spells:

 Spells                   Type           Power        Failure   Level
 Corona                   Hex            #......      100%        1
 Ensorcelled Hibernation  Hex/Ice        #.....       100%        2
 Confusing Touch          Hex            #.......     100%        3
 Dazzling Flash           Conj/Hex       #.....       100%        3
 Gell's Gravitas          Tloc           #.........   100%        3
 Tukima's Dance           Hex            #.......     100%        3
 Petrify                  Tmut/Erth      #.......     100%        4
 Metabolic Englaciation   Hex/Ice        #.........   100%        5
 Yara's Violent Unravell  Hex/Tmut       #.........   100%        5


Dungeon Overview and Level Annotations

Branches:
Dungeon (10/15)            Temple (1/1) D:4
   Lair: D:8-11         Orc: D:9-12

Altars:
Ashenzari
Dithmenos
Makhleb
Qazlal
Ru
Sif Muna
Trog
Xom
Zin

Shops:
D:5 *

Annotations:
D:10 Sonja


Innate Abilities, Weirdness & Mutations

You are resistant to damage.
You can heal yourself by infusing magical energy.
You passively map the area around you.
You do not regenerate.
You have sharp toenails.
You are agile. (Dex +2)
Your mind is acute. (Int +2)
You are covered in fur. (AC +1)
Your spells are a little harder to cast, but a little more powerful.
You evolve.
[Your magical capacity is very low. (-20% MP)]
[You are very weak. (Str -4)]


Message History

The ynoxinul gestures.
A small abomination comes into view.
The spatial maelstrom hits you but does no damage.
You block the spatial maelstrom's attack.
The wretched star glows turbulently.
The lance of force hits you.
You are knocked back by the lance of force.
You collide with the large abomination!
The large abomination hits you!
* * * LOW HITPOINT WARNING * * *
You don't have enough innate magic capacity.
The spatial maelstrom hits you but does no damage.
The spatial maelstrom hits you. Space bends around you.
The ynoxinul gestures.
A raiju comes into view.
The raiju barks!
The raiju looks more healthy.
The wretched star glows turbulently.
The lance of force hits you!!
You die...
Xom thinks this is hilarious! ## .# .# .## ##.##.# .. ...#.# # #.# ..#.... #.##.# .#.... #.... ##..#.# v.v

#v.###*x..#
#v#.##.hhXv@..#
...#..X5.X#h##
#...##X5##.#.!##
##..#.*..§......
##.#.§.5.3###....#
........5.# #..##
.##.#.§X# ...##..
#.#§.####.....# #
### #..X. .#


You could see a spatial maelstrom, a wretched star, a spatial vortex, 4 large
abominations, 3 raiju, a ynoxinul, a small abomination, 4 ufetubi and a lurking
horror.

Vanquished Creatures
  Erolcha (D:10)
  2 two-headed ogres (D:10)
  A centaur warrior (D:10)
  A dire elephant zombie (Abyss:2)
  A cane toad (shapeshifter) (D:2)
  An efreet (D:10)
  A wind drake (shapeshifter) (D:10)
  Prince Ribbit (D:7)
  A troll (D:9)
  A blink frog (D:7)
  A small abomination (Abyss:2)
  A wyvern (D:8)
  A wraith (D:10)
  A vampire (D:10)
  Menkaure (D:7)
  A naga (D:8)
  An orc warrior (D:8)
  An ice beast (D:9)
  A sky beast (D:9)
  A phantom (D:8)
  6 ogres
  2 centaurs (D:6)
  3 big kobolds
  5 bullfrogs
  A gnoll sergeant (D:6)
  A wyvern skeleton (D:9)
  5 scorpions
  5 killer bees (D:9)
  10 wights
  4 howler monkeys (D:9)
  2 quasits
  3 orc priests
  3 bullfrog skeletons
  4 hounds
  Crazy Yiuf (D:7)
  A centaur skeleton (D:5)
  2 jellies
  7 orc wizards
  3 gnoll shamans (D:6)
  4 iguanas
  6 worker ants
  A howler monkey zombie (D:6)
  A howler monkey skeleton (D:5)
  A worker ant zombie (D:5)
  9 adders
  42 gnolls
  A river rat (D:6)
  A shadow imp (D:5)
  2 white imps
  2 ufetubi
  3 adder zombies
  2 oozes
  An adder skeleton (D:7)
  3 worms
  2 dart slugs
  4 leopard geckos
  26 orcs
  A ball python (D:4)
  6 giant cockroaches
  6 goblins
  10 hobgoblins
  28 jackals
  23 kobolds
  5 quokkas
  8 bats
  4 frilled lizards
  10 rats
301 creatures vanquished.

Vanquished Creatures (collateral kills)
  A two-headed ogre (D:10)
  An orc knight (D:10)
  An orc warrior (D:9)
  An ice beast (D:10)
  A big kobold (shapeshifter) (D:10)
  A centaur skeleton (D:10)
  A worker ant (D:10)
  2 gnolls (D:6)
  3 orcs
12 creatures vanquished.

Vanquished Creatures (others)
  A basilisk (D:10)
  A hound (D:6)
  A plant (D:6)
3 creatures vanquished.

Grand Total: 316 creatures vanquished

Notes
Turn   | Place    | Note
-------+----------+-------------------------------------------
     0 | D:1      | Lanoc the Deep Dwarf Chaos Knight began the quest for the
                  | Orb.
     0 | D:1      | Reached XP level 1. HP: 20/20 MP: 1/1
   129 | D:1      | XOM: divination: magic mapping
   303 | D:1      | Reached XP level 2. HP: 22/27 MP: 2/2
   313 | D:1      | XOM: silly message
   470 | D:1      | XOM: divination: detect creatures
   629 | D:1      | Reached XP level 3. HP: 26/33 MP: 3/3
   763 | D:1      | XOM: god gift: 291 gold pieces
   793 | D:2      | XOM: god gift: scroll labeled JICUOFRAOMA {god gift}
   913 | D:2      | Reached XP level 4. HP: 30/42 MP: 4/4
   916 | D:2      | XOM: god gift: golden potion {god gift}
   919 | D:2      | XOM: polymorph goblin -> adder
   929 | D:2      | Found a faded altar of an unknown god.
   930 | D:2      | XOM: polymorph adder -> orc
   949 | D:2      | Noticed a shapeshifter
   949 | D:2      | an orc changed into a shapeshifter
   949 | D:2      | Noticed a golden eye
   949 | D:2      | a shapeshifter changed into a golden eye
   954 | D:2      | Noticed a cane toad
   954 | D:2      | a golden eye changed into a cane toad
   955 | D:2      | XOM: enchant monster (bad)
   972 | D:2      | Killed a cane toad
   972 | D:2      | Reached skill level 5 in Maces & Flails
   972 | D:2      | Reached XP level 5. HP: 35/50 MP: 4/4
   972 | D:2      | Reached XP level 6. HP: 39/57 MP: 5/5
  1009 | D:2      | XOM: 8-stop teleportation journey
  1043 | D:2      | XOM: 8-stop teleportation journey
  1189 | D:2      | XOM: noise
  1283 | D:2      | XOM: summons friendly crimson imp
  1412 | D:3      | Found a stormy altar of Qazlal.
  1412 | D:3      | Noticed an air elemental
  1432 | D:3      | Noticed a fire elemental
  1432 | D:3      | Noticed a water elemental
  1454 | D:3      | Gained mutation: You have sharp toenails. [potion of
                  | mutation]
  1454 | D:3      | Gained mutation: You are agile. (Dex +2) [potion of
                  | mutation]
  1455 | D:3      | XOM: divination: detect items
  1736 | D:3      | XOM: god gift: scroll labeled MEQOOJ ESAJO {god gift}
  2132 | D:3      | XOM: god gift: 49 gold pieces
  2142 | D:3      | XOM: cloud trail
  2154 | D:4      | Found a staircase to the Ecumenical Temple.
  2165 | Temple   | Entered the Ecumenical Temple
  2172 | D:4      | XOM: scenery: create altars
  2191 | D:4      | Reached XP level 7. HP: 25/64 MP: 5/5
  2202 | D:4      | Found a broken altar of Ashenzari.
  2207 | D:4      | XOM: cloud trail
  2281 | D:4      | XOM: god gift: 8 datura-tipped darts
  2452 | D:4      | XOM: god gift: 13 gold pieces
  2500 | D:4      | Found a sacrificial altar of Ru.
  2509 | D:4      | XOM: fog
  2510 | D:4      | XOM: cleaving
  2609 | D:4      | Found a glowing silver altar of Zin.
  2674 | D:5      | Entered Level 5 of the Dungeon
  2682 | D:5      | Found Lunoase's Mass Market.
  2814 | D:5      | XOM: 1-stop teleportation journey
  2990 | D:5      | Reached skill level 6 in Maces & Flails
  3054 | D:5      | XOM: enchant monster (good)
  3096 | D:5      | Reached skill level 5 in Armour
  3096 | D:5      | Reached XP level 8. HP: 25/73 MP: 4/4
  3137 | D:5      | Found the +9 scales of the Dragon King {rPois rF+ rC+ MR+}
  3566 | D:6      | Reached skill level 7 in Maces & Flails
  3642 | D:6      | Reached skill level 5 in Dodging
  3687 | D:6      | Reached skill level 5 in Fighting
  3690 | D:6      | XOM: blink monster(s)
  3738 | D:6      | XOM: scenery: summon butterflies
  3876 | D:6      | Noticed a black mamba
  3876 | D:6      | a bullfrog changed into a black mamba
  3885 | D:6      | Banished a black mamba
  3998 | D:6      | Reached skill level 8 in Maces & Flails
  4314 | D:6      | Gained mutation: You passively map the area around you.
                  | [Deep Dwarf growth]
  4314 | D:6      | Reached XP level 9. HP: 57/81 MP: 5/5
  4319 | D:6      | XOM: summons friendly iron imp
  4327 | D:6      | XOM: summons friendly iron imp
  4353 | D:6      | XOM: polymorph gnoll -> river rat
  4404 | D:6      | XOM: confuse monster(s)
  4652 | D:6      | XOM: give mutation
  4652 | D:6      | Gained mutation: You evolve. [Xom's grace]
  4738 | D:6      | XOM: 10-stop teleportation journey
  4770 | D:6      | Gained mutation: Your mind is acute. (Int +2) [evolution]
  4853 | D:6      | XOM: fake destruction
  4856 | D:6      | XOM: cleaving
  4860 | D:6      | Reached skill level 1 in Shields
  4945 | D:7      | Noticed Prince Ribbit
  4945 | D:7      | XOM: scenery: summon butterflies
  4953 | D:7      | Noticed Menkaure
  5067 | D:7      | XOM: give mutation
  5067 | D:7      | Gained mutation: You are covered in fur. (AC +1) [Xom's
                  | mischief]
  5074 | D:7      | XOM: polymorph big kobold -> blink frog
  5079 | D:7      | XOM: 2-stop teleportation journey
  5088 | D:7      | XOM: draining
  5090 | D:7      | Killed Menkaure
  5095 | D:7      | Found a shadowy altar of Dithmenos.
  5095 | D:7      | XOM: 4-stop teleportation journey
  5116 | D:7      | Killed Prince Ribbit
  5172 | D:7      | XOM: 3-stop teleportation journey
  5240 | D:7      | XOM: god gift: long sword {god gift}
  5323 | D:7      | XOM: scenery: summon butterflies
  5325 | D:7      | XOM: summons friendly crimson imp
  5337 | D:7      | Reached skill level 9 in Maces & Flails
  5452 | D:7      | Found a runed translucent door.
  5453 | D:7      | Noticed Crazy Yiuf
  5708 | D:7      | Killed Crazy Yiuf
  5730 | D:7      | XOM: scenery: summon butterflies
  5795 | D:8      | XOM: give mutations
  5795 | D:8      | Gained mutation: Your spells are a little harder to cast,
                  | but a little more powerful. [Xom's grace]
  5795 | D:8      | Gained mutation: You have a somewhat thin skeletal
                  | structure. (Dex +2, Stealth) [Xom's grace]
  5797 | D:8      | XOM: snakes to sticks
  5810 | D:8      | XOM: fog
  5813 | D:8      | XOM: 1-stop teleportation journey
  5819 | D:8      | Noticed Psyche
  5820 | D:8      | XOM: confuse monster(s)
  5822 | D:8      | Noticed Psyche
  5822 | D:8      | Psyche changed into Psyche the naga
  5822 | D:8      | XOM: polymorph Psyche -> Psyche the naga
  5980 | D:8      | XOM: cloud trail
  6129 | D:8      | XOM: polymorph gnoll -> rat
  6130 | D:8      | XOM: enchant monster (good)
  6148 | D:8      | Killed Psyche the naga
  6162 | D:8      | Reached XP level 10. HP: 61/91 MP: 6/6
  6182 | D:8      | XOM: silly message
  6190 | D:8      | Identified a scroll of acquirement
  6191 | D:8      | Acquired the ring of Shadows {Umbra +Inv Stlth+}
  6192 | D:8      | Found the ring of Shadows {Umbra +Inv Stlth+}
  6220 | D:8      | Lost mutation: You have a somewhat thin skeletal structure.
                  | (Dex +2, Stealth) [evolution]
  6305 | D:8      | Found a shimmering altar of Xom.
  6488 | D:8      | Found a shimmering blue altar of Sif Muna.
  6712 | D:9      | Found a burning altar of Makhleb.
  6756 | D:9      | XOM: noise
  6778 | D:9      | XOM: potion effect (curing)
  6811 | D:9      | XOM: confusion (+ monsters)
  6907 | D:9      | XOM: 7-stop teleportation journey
  7117 | D:9      | XOM: 2-stop teleportation journey
  7154 | D:9      | Reached skill level 10 in Maces & Flails
  7181 | D:9      | XOM: potion effect (curing)
  7183 | D:9      | XOM: cast spell 'Dispersal'
  7283 | D:9      | Found a bloodstained altar of Trog.
  7306 | D:9      | XOM: summons friendly white imp
  7501 | D:10     | Entered Level 10 of the Dungeon
  7582 | D:10     | XOM: summons friendly ufetubus
  7631 | D:10     | XOM: enchant monster (bad)
  7838 | D:10     | Noticed a two-headed ogre
  7849 | D:10     | Killed a two-headed ogre
  7994 | D:10     | Noticed a centaur warrior
  7995 | D:10     | Noticed an orc knight
  7995 | D:10     | Noticed a two-headed ogre
  7996 | D:10     | XOM: chaos upgrade
  7996 | D:10     | Noticed Erolcha
  7997 | D:10     | Noticed a two-headed ogre
  7997 | D:10     | Noticed a cyclops
  8000 | D:10     | XOM: summons 4 hostile demons
  8019 | D:10     | XOM: potion effect (haste)
  8022 | D:10     | Killed a centaur warrior
  8031 | D:10     | Killed a two-headed ogre
  8031 | D:10     | Reached skill level 11 in Maces & Flails
  8031 | D:10     | Reached XP level 11. HP: 40/100 MP: 5/5
  8031 | D:10     | XOM: polymorph komodo dragon -> shapeshifter
  8049 | D:10     | XOM: divination: detect items
  8055 | D:10     | XOM: polymorph meliai -> shapeshifter
  8153 | D:10     | Killed a two-headed ogre
  8163 | D:10     | Killed Erolcha
  8181 | D:10     | Killed an orc knight
  8238 | D:10     | XOM: god gift: 22 arrows
  8309 | D:10     | Noticed Sonja
  8311 | D:10     | Cast into level 2 of the Abyss (Sonja)
  8323 | Abyss:2  | XOM: divine lightning
  8380 | Abyss:2  | Noticed a bone dragon
  8382 | Abyss:2  | XOM: confusion
  8396 | Abyss:2  | Found a corrupted altar of Lugonu.
  8512 | Abyss:2  | XOM: polymorph large abomination -> large abomination
  8518 | Abyss:2  | XOM: fog
  8521 | Abyss:2  | XOM: enchant monster (good)
  8524 | Abyss:2  | Noticed a spatial maelstrom
  8530 | Abyss:2  | Noticed a wretched star
  8538 | Abyss:2  | Killed from afar by a wretched star

Illustrated notes

Levels and vault maps discovered:
D:1:      dpeg_arrival_solitude, layout_loops_corners
D:2:      layout_basic, chequers_ecumenical_altar_simple
D:3:      layout_basic, nicolae_qazlal_style_of_elements
D:4:      layout_rooms, zin_treasury, nicolae_overflow_hidden_temple,
          minmay_temple_entry_ruins, nicolae_ru_sacrificial_ziggurat
D:5:      cheibrodos_barr_body, layout_basic, minmay_shop_mass
D:6:      lemuel_castle_with_subvaults [lemuel_castle_interior_carwin_2],
          layout_basic
D:7:      layout_loops_cross, nicolae_dithmenos_the_darkroom,
          uniq_prince_ribbit1, uniq_crazy_yiuf_cottage, uniq_menkaure
D:8:      layout_basic, lemuel_blue_sif_altar, serial_park_tiny_2, tgw_xom,
          uniq_psyche
D:9:      layout_loops_ring, grunt_temple_overflow_open,
          minmay_misc_feat_enclosed
D:10:     layout_gridville, minivault_28, uniq_sonja, uniq_erolcha
Temple:   regret_index_temple_sphere_string
Abyss:2:  base:
D:3

Skill      XL: |  1  2  3  4  5  6  7  8  9 10 11 |
---------------+----------------------------------+-----
Fighting       | 3 4 5 6 7 |  7.8
Dodging        | 2 3 4 5 6 8 |  8.7
Maces & Flails | 5 6 8 9 11 | 11.3
Armour         | 3 4 5 6 7 8 9 |  9.1
Shields        | 3 4 |  4.0

Action                   |  1- 3 |  4- 6 |  7- 9 | 10-12 || total
-------------------------+-------+-------+-------+-------++-------
Melee: Mace              |   101 |   126 |   609 |   463 ||  1299
       Kick              |       |    10 |   208 |   170 ||   388
Throw: Dart              |       |       |     1 |    10 ||    11
 Abil: Heal Wounds       |       |     4 |     7 |    15 ||    26
  Use: Potion            |       |     8 |     4 |     4 ||    16
       Scroll            |       |       |    12 |     5 ||    17
 Stab: Paralysed         |       |       |    13 |     2 ||    15
       Petrified         |       |       |     5 |     6 ||    11
       Petrifying        |       |       |     3 |       ||     3
       Confused          |       |       |     1 |     2 ||     3
Armor: Leather armour    |    39 |    43 |    10 |       ||    92
       Pearl dragon scal |       |       |    43 |       ||    43
       Gold dragon scale |       |       |   519 |   301 ||   820
Dodge: Dodged            |    57 |   104 |   185 |   105 ||   451
Block: Buckler           |       |       |    64 |    92 ||   156

Table legend: (Time is in decaauts)
 A = Elapsed time spent in this place.
 B = Non-inter-level travel time spent in this place.
 C = Inter-level travel time spent in this place.
 D = Time resting spent in this place.
 E = Time spent auto-exploring this place.
 F = Levels seen in this place.
 G = Mean time per level.
                   A        B        C        D        E       F      G
               +--------+--------+--------+--------+--------+-----+--------+
         Total |   8516 |   8156 |    360 |      8 |   5442 |  12 |  709.7 |
       Dungeon |   8292 |   7932 |    360 |      8 |   5442 |  10 |  829.2 |
        Temple |      1 |      1 |      0 |      0 |      0 |   1 |    1.0 |
         Abyss |    221 |    221 |      0 |      0 |      0 |   1 |  221.0 |
               +--------+--------+--------+--------+--------+-----+--------+

Top non-repeatable levels by time:
     D:6: 1484 daAuts
     D:8: 895 daAuts
     D:5: 863 daAuts
     D:9: 852 daAuts
     D:3: 833 daAuts
     D:1: 809 daAuts
     D:7: 763 daAuts
    D:10: 736 daAuts
     D:2: 560 daAuts
     D:4: 494 daAuts
 Abyss:2: 221 daAuts
  Temple: 1 daAuts
